AoeStats
← THRASHER171

Golden Pit

509301111Analyzed
1v1 RM · 6d ago on Sep 26, 2026· 44m 30s· 2 players
Game mode
Random Map
Map size
Tiny (2 player)
Population
200
Speed
Normal
Resources
Standard
Victory
Conquest
Starting age
Dark Age
Ending age
Imperial Age
RankedLock teamsTeams togetherTeam positionsShared explorationLock speedFull tech treeHidden civsTurbo modeCheats
Victory
Defeat
🇺🇸 Saxons · United States
796
+18
🇨🇴 Byzantines · Colombia
837
-18
antipro247
11:51 Feudal Age
10:06 Loom
12:22 Double-Bit Axe
12:30 Horse Collar
22:48 Castle Age
22:01 Fletching
25:07 Squires
25:22 Stone Mining
26:27 Wheelbarrow
25:55 Pikeman
34:25 Imperial Age
33:22 Scale Mail Armor
36:16 Imperial Age
35:43 Man-at-Arms
36:40 Chain Mail Armor
36:36 Forging
36:22 Bodkin Arrow
37:25 Conscription
37:36 Long Swordsman
38:10 Two-Handed Swordsman
38:31 Capped Ram
43:40 Champion
45:38 Plate Mail Armor
THRASHER171
4:52 Loom
10:13 Feudal Age
18:54 Castle Age
26:07 Elite Skirmisher
28:35 Fletching
28:46 Scale Mail Armor
28:57 Forging
30:24 Wheelbarrow
29:52 Man-at-Arms
30:18 Gambesons
33:39 Bodkin Arrow
33:27 Long Swordsman
34:31 Chain Mail Armor
34:51 Iron Casting
34:43 Hand Cart
40:27 Imperial Age
38:47 Squires
38:33 Arson
39:04 Gold Mining
39:03 Double-Bit Axe
39:10 Stone Mining
40:30 Thumb Ring
40:19 Pikeman
41:40 Two-Handed Swordsman
44:26 Plate Mail Armor
43:57 Bracer
43:59 Arrowslits
45:17 Chemistry
Connection lost

Rejoining the realm…

Still unreachable

The connection could not be restored.

Session expired

The server has moved on; the page needs a fresh start.